 Dungeon Crawl Stone Soup version 0.28.0-43-g3370ac3207 (webtiles) character file.

Game seed: 106701576156698914

56 crimpus the Covered (level 3, 0/30 HPs)
             Began as a Demigod Fighter on Mar 10, 2022.
             Succumbed to an adder's poison
             ... on level 2 of the Dungeon.
             The game lasted 00:01:20 (1261 turns).

crimpus the Covered (Demigod Fighter)               Turns: 1261, Time: 00:01:20

Health: 0/30       AC:  4    Str: 17    XL:     3   Next: 48%
Magic:  5/5        EV: 10    Int: 10    God:
Gold:   20         SH:  5    Dex: 17    Spells: 2/2 levels left

rFire   . . .      SeeInvis .   a - +0 rapier
rCold   . . .      Faith    .   c - +0 buckler
rNeg    . . .      Spirit   .   h - +0 leather armour
rPois   .          Reflect  .   e - +0 helmet
rElec   .          Harm     .   (no cloak)
rCorr   .          Rampage  .   (no gloves)
Will    .....                   (no boots)
Stlth   ++........              (no amulet)
HPRegen 0.10/turn               (no ring)
MPRegen 0.09/turn               (no ring)

@: mighty, lethally poisoned (0 -> -6)
A: high MP 1, forlorn, divine attributes
a: no special abilities


You were on level 2 of the Dungeon.
You visited 1 branch of the dungeon, and saw 2 of its levels.

You collected 20 gold pieces.

Inventory:

Hand Weapons
 a - a +0 rapier (weapon)
Armour
 c - a +0 buckler (worn)
 e - a +0 helmet (worn)
 h - a +0 leather armour (worn)
Scrolls
 b - a scroll of blinking {unknown}
 f - a scroll of magic mapping {unknown}
 g - 2 scrolls of identify {unknown}
Potions
 d - a potion of might


   Skills:
 + Level 2.8 Fighting
 + Level 2.7 Short Blades
 + Level 3.0 Armour
 + Level 0.2 Dodging
 + Level 0.8 Stealth
 + Level 3.0 Shields


You had 2 spell levels left.
You didn't know any spells.
Your spell library contained the following spells:

 Spells                   Type           Power      Damage    Failure   Level
 Gell's Gravitas          Tloc           0%         N/A       87%         3
 Lesser Beckoning         Tloc           0%         N/A       87%         3
 Teleport Other           Tloc           0%         N/A       87%         3
 Summon Forest            Summ/Tloc      0%         N/A       100%        5
 Summon Mana Viper        Hex/Summ       0%         N/A       100%        5
 Summon Cactus Giant      Summ           0%         N/A       100%        6


Dungeon Overview and Level Annotations

Branches:
Dungeon (2/15)


Innate Abilities, Weirdness & Mutations

You have an increased reservoir of magic. (+10% MP)
You shall have no god before yourself.
Your divine heritage dramatically boosts your attributes as you level up.


Message History

You are poisoned.
The adder poisons you!
You barely miss the adder.
The adder is lightly wounded.
You feel sick. The adder bites you. x2
You are more poisoned.
The adder poisons you!
You completely miss the adder.
The adder is lightly wounded.
You feel very sick. The adder closely misses you.
An adder is nearby!
You completely miss the adder.
The adder is lightly wounded.
You feel sick. The adder closely misses you. The adder bites you.
You are lethally poisoned!
The adder poisons you!
You are too injured to fight recklessly!
You closely miss the adder.
The adder is lightly wounded.
* * * LOW HITPOINT WARNING * * *
You feel very sick. The adder bites you but does no damage.
You feel very mighty all of a sudden.
* * * LOW HITPOINT WARNING * * *
You feel sick. The adder closely misses you.
You hit the adder.
The adder is moderately wounded.
* * * LOW HITPOINT WARNING * * *
You feel very sick. The adder bites you.
* * * LOW HITPOINT WARNING * * *
The adder misses you.
You barely miss the adder.
The adder is moderately wounded.
* * * LOW HITPOINT WARNING * * *
You feel sick. The adder bites you but does no damage.
You closely miss the adder.
The adder is moderately wounded.
You die...

.....#.#.###.#
#...##.#.# #.#
#...##.#.###.##
....##.#.##...####
#..###.#.........#
#.)# #...##...##.#
#..# ###.###.###.#
#<.#####.# #.# #.#
†........# #.# #@#
#......... ..# #S#
##.####... ... ...
<.. ...## ##.##
#### ..# ... #..
###


You could see an adder.

Vanquished Creatures
  2 adders (D:2)
  A dart slug (D:2)
  A bat (D:1)
  4 endoplasms
  A giant cockroach (D:1)
  2 goblins (D:1)
  7 hobgoblins (D:1)
  5 jackals (D:1)
  5 ball pythons
  2 kobolds (D:1)
  4 rats (D:1)
34 creatures vanquished.

Notes
Turn   | Place    | Note
-------+----------+-------------------------------------------
     0 | D:1      | crimpus the Demigod Fighter began the quest for the Orb.
     0 | D:1      | Reached XP level 1. HP: 18/18 MP: 3/3
   230 | D:1      | Reached XP level 2. HP: 25/25 MP: 4/4
   974 | D:1      | Reached XP level 3. HP: 30/30 MP: 5/5
  1261 | D:2      | Succumbed to an adder's poison

Illustrated notes

Levels and vault maps discovered:
D:1:      tarquinn_simple_flora_water_d, layout_loops_ring,
          corexii_leaking_fountain
D:2:      layout_loops_ring, basic_ecumenical_altar, serial_glass,
          glass_columns_b, glass_columns_b, item_on_display_a, feat_on_display,
          minmay_heptomino_w4, uniq_natasha, uniq_terence

Skill      XL: |  1  2  3 |
---------------+----------+-----
Short Blades   | 2 |  2.7
Armour         | 3 |  3.0
Shields        | 3 |  3.0
Fighting       | |  2.8
Dodging        | |  0.2
Stealth        | |  0.8

Action                   || total
-------------------------++-------
Melee: Rapier            ||   114
  Use: Potion            ||     1
Armor: Scale mail        ||    13
       Leather armour    ||    14
Dodge: Dodged            ||    56
Block: Buckler           ||    25
